 Dungeon Crawl Stone Soup version 0.23.2-30-g0e89c35649 (webtiles) character file.

Game seed: 16755285724226794276

567 doot the Caller (level 7, -4/39 HPs)
             Began as a Tengu Summoner on June 18, 2019.
             Was a Follower of Sif Muna.
             Killed from afar by Blork the orc (10 damage)
             ... with a puff of flame
             ... on level 5 of the Dungeon.
             The game lasted 00:13:55 (6554 turns).

doot the Caller (Tengu Summoner)                    Turns: 6554, Time: 00:13:55

Health: -4/39      AC:  3    Str:  8    XL:     7   Next: 33%
Magic:  5/13       EV: 22    Int: 17    God:    Sif Muna [*.....]
Gold:   182        SH:  0    Dex: 20    Spells: 3/13 levels left

rFire    . . .     SeeInvis .   x - +0 lajatang
rCold    . . .     Gourm    .   (shield currently unavailable)
rNeg     . . .     Faith    .   a - +1 robe
rPois    .         Spirit   .   (helmet restricted)
rElec    .         Reflect  .   (no cloak)
rCorr    .         Harm     .   (no gloves)
MR       +....                  (boots unavailable)
Stlth    ++++......             (no amulet)
HPRegen  0.13/turn              (no ring)
MPRegen  0.13/turn              k - ring of protection from magic

@: agile, flying quickly and evasively, quick
A: beak, talons 3, able to fly
a: Stop Flying, Divine Energy, Renounce Religion


You were on level 5 of the Dungeon.
You worshipped Sif Muna.
Sif Muna was aware of your devotion.
You were near starving.

You visited 1 branch of the dungeon, and saw 5 of its levels.

You collected 182 gold pieces.

Inventory:

Hand Weapons
 d - a +0 hand axe
 x - a +0 lajatang (weapon)
Missiles
 v - a throwing net (quivered)
Armour
 a - a +1 robe (worn)
Jewellery
 f - an uncursed ring of ice
 k - a ring of protection from magic (right hand)
Wands
 s - a wand of acid (8)
 t - a wand of polymorph (7)
 u - a wand of paralysis (4)
 y - a wand of flame (14)
Scrolls
 b - a scroll of enchant armour
 i - 3 scrolls of identify
 m - a scroll of teleportation {unknown}
 n - a scroll of fear {unknown}
 p - 2 scrolls of remove curse
 q - 2 scrolls of random uselessness
 r - a scroll of amnesia {unknown}
 w - a scroll of immolation
Potions
 g - 4 potions of curing
 j - a potion of heal wounds {unknown}
 l - 3 potions of flight
 o - a potion of haste {unknown}
Comestibles
 c - 13 rations


   Skills:
 + Level 1.6 Fighting
 - Level 2.8 Axes
 + Level 2.2 Staves
 + Level 3.2 Dodging
 + Level 3.3 Stealth
 + Level 3.6 Spellcasting
 + Level 6.8 Summonings
 + Level 0.1 Evocations


You had 3 spell levels left.
You knew the following spells:

 Your Spells              Type           Power        Failure   Level  Hunger
a - Summon Small Mammal   Summ           ####         1%          1    None
b - Call Imp              Summ           ####....     1%          2    ##.....
c - Call Canine Familiar  Summ           ####....     3%          3    ###....
d - Summon Lightning Spi  Summ/Air       ##......     36%         4    ####...

Your spell library contained the following spells:

 Spells                   Type           Power        Failure   Level  Hunger
 Summon Guardian Golem    Hex/Summ       ##......     12%         3    ###....
 Confusing Touch          Hex            #.....       17%         1    None
 Summon Ice Beast         Ice/Summ       ##......     38%         4    ####...


Dungeon Overview and Level Annotations

Branches:
Dungeon (5/15)
 Temple: D:4-7

Altars:
Dithmenos
Fedhas
Hepliaklqana
Makhleb
Ru
Sif Muna
The Shining One

Annotations:
D:3 exclusion: oklob plant
D:4 Dowan, Duvessa
D:5 Blork the orc


Innate Abilities, Weirdness & Mutations

You have a beak for a mouth.
You have claws for feet.
You can fly continuously.


Message History

As you read the scroll labeled OFYCEI XUWOTIN, it crumbles to dust.
The creatures around you are filled with an inner flame!
It was a scroll of immolation.
Something hits your lightning spire!
Your lightning spire is destroyed!
As you read the scroll labeled ZOAM PIEQO, it crumbles to dust.
You hear a loud clanging noise!
It was a scroll of noise.
Blork the orc appears from thin air!
Reactivating autopickup.
Blork the orc hits you with a +4 dire flail of protection!
Blork the orc gestures at you while chanting.
The puff of frost hits you!
* * * LOW HITPOINT WARNING * * *
It was a potion of flight.
You feel more buoyant.
Okay, then.
It was a potion of agility.
You feel agile all of a sudden.
Blork the orc gestures at you while chanting.
The puff of flame hits you!
You die...

##.#.##..([##.#.##.#.#
.##.#.##.#...#.##.#.##
#.##.#.##.#.#.##.#.##
.#.##.#.##.#)##.#.##
#.#.##.#.##.##.#.##
##.#.##.#.###.#.##
##.#.##.#.#.#.###
##.#.##.#.#.##.#
##.#.##.#.##o@#
##.#.##.##.###
##.#.####.# ##...# #.#
##.## #.# #.# #.# #.#
#.# #.# #.# #)# #.#


You could see Blork the orc (inner flame).

Vanquished Creatures
  A sky beast (D:5)
  A crimson imp (D:5)
  A howler monkey (D:5)
  A jelly (D:5)
  A worker ant (D:5)
  An orc wizard (D:3)
  An adder (D:2)
  A dart slug (D:1)
  A leopard gecko (D:1)
  16 orcs
  9 bats
  4 giant cockroaches
  6 goblins
  6 hobgoblins
  5 jackals
  2 quokkas
  A ball python (D:3)
  4 frilled lizards
  3 kobolds
  6 rats
71 creatures vanquished.

Vanquished Creatures (collateral kills)
  An ogre (D:5)
  A scorpion (D:4)
  A howler monkey (D:5)
  A crimson imp (D:5)
  A hound (D:2)
  2 gnoll shamans
  3 orc wizards
  Ijyb (D:3)
  3 adders
  2 gnolls (D:4)
  A worm (D:2)
  A leopard gecko (D:1)
  7 orcs
  2 hobgoblins (D:1)
  3 jackals (D:1)
  A kobold (D:1)
  A bat (D:3)
  A rat (D:1)
33 creatures vanquished.

Grand Total: 104 creatures vanquished

Notes
Turn   | Place    | Note
-------+----------+-------------------------------------------
     0 | D:1      | doot the Tengu Summoner began the quest for the Orb.
     0 | D:1      | Reached XP level 1. HP: 10/10 MP: 4/4
   329 | D:1      | Reached skill level 5 in Summonings
   531 | D:1      | Reached XP level 2. HP: 6/15 MP: 1/6
   538 | D:1      | Learned a level 2 spell: Call Imp
  1346 | D:2      | Reached XP level 3. HP: 19/19 MP: 7/7
  1363 | D:2      | Found a burning altar of Makhleb.
  1603 | D:2      | Learned a level 3 spell: Call Canine Familiar
  1713 | D:2      | Found a sacrificial altar of Ru.
  1783 | D:2      | Found a shadowy altar of Dithmenos.
  2114 | D:2      | Reached XP level 4. HP: 14/24 MP: 6/8
  2694 | D:3      | Found a glowing golden altar of the Shining One.
  2710 | D:3      | Found a blossoming altar of Fedhas.
  2724 | D:3      | Noticed an oklob plant
  3113 | D:3      | Noticed Ijyb
  3166 | D:3      | Killed Ijyb
  3166 | D:3      | Reached skill level 1 in Axes
  3298 | D:3      | Found a deep blue altar of Sif Muna.
  3306 | D:3      | Became a worshipper of Sif Muna the Loreminder
  4056 | D:4      | Gained mutation: You can fly continuously. [Tengu growth]
  4056 | D:4      | Reached XP level 5. HP: 28/28 MP: 1/9
  4414 | D:3      | Reached skill level 6 in Summonings
  4417 | D:3      | Identified Sif Muna's Reference Book on the Oath
  4771 | D:4      | Reached skill level 1 in Fighting
  5011 | D:4      | Reached XP level 6. HP: 34/34 MP: 7/11
  5122 | D:4      | Learned a level 4 spell: Summon Lightning Spire
  5144 | D:4      | Noticed Duvessa
  5144 | D:4      | Noticed Dowan
  5323 | D:5      | Entered Level 5 of the Dungeon
  5369 | D:5      | Noticed a sky beast
  5410 | D:5      | Killed a sky beast
  6049 | D:5      | Reached XP level 7. HP: 31/38 MP: 13/13
  6212 | D:5      | Reached skill level 1 in Staves
  6353 | D:5      | Found a hazy altar of Hepliaklqana.
  6483 | D:5      | Reached * piety under Sif Muna
  6516 | D:5      | Noticed Blork the orc
  6554 | D:5      | Killed from afar by Blork the orc

Skill      XL: |  1  2  3  4  5  6  7 |
---------------+----------------------+-----
Summonings     | 5 6 |  6.8
Stealth        | 3 |  3.3
Axes           | 1 2 |  2.8
Dodging        | 3 |  3.2
Fighting       | 1 |  1.6
Spellcasting   | 3 |  3.6
Staves         | 2 |  2.2
Evocations     | |  0.1

Action                   |  1- 3 |  4- 6 |  7- 9 || total
-------------------------+-------+-------+-------++-------
Melee: Hand axe          |    64 |   121 |       ||   185
       Unarmed           |     2 |       |       ||     2
       Kick              |     8 |    34 |     9 ||    51
       Peck              |     4 |    20 |     6 ||    30
       Lajatang          |       |    26 |    41 ||    67
 Cast: Summon Small Mamm |     7 |     1 |       ||     8
       Call Imp          |     3 |     8 |     1 ||    12
       Call Canine Famil |     2 |    26 |     2 ||    30
       Summon Lightning  |       |       |     2 ||     2
 Abil: Fly               |       |     1 |       ||     1
Evoke: Wand              |       |     1 |       ||     1
  Use: Scroll            |       |       |     6 ||     6
       Potion            |       |       |     2 ||     2
 Stab: Sleeping          |     9 |       |     1 ||    10
  Eat: Chunk             |     4 |    13 |       ||    17
       Ration            |       |     1 |       ||     1
Armor: Robe              |    15 |    20 |     7 ||    42
Dodge: Dodged            |    64 |   114 |    33 ||   211
